[Event "Early-Titled-Tuesday-Blitz-May-14-2024"]
[Site "Chess.com"]
[Date "2024.05.14"]
[Round "1"]
[White "gau248"]
[Black "Sofia_Blokhin"]
[Result "1-0"]
[WhiteElo "2604"]
[BlackElo "2255"]
[TimeControl "180+1"]
[EndTime "8:07:24 PDT"]
[Termination "gau248 won by resignation"]

1. e4 c5 2. Nf3 e6 3. c3 Nf6 4. e5 Nd5 5. d4 cxd4 6. cxd4 d6 7. Bd3 Nc6 8. O-O Be7 9. Qe2 O-O 10. Nc3 dxe5 11.
dxe5 g6 12. Bh6 Re8 13. Rad1 Nxc3 14. bxc3 Qc7 15. h4 b6 16. h5 Bf8 17. Bf4 Bg7 18.
hxg6 fxg6 19. Rfe1 Rf8 20. Bg3 Bb7 21. Nd4 Nxd4 22.
cxd4 Bd5 23. Be4 Qb7 24. f3 Rac8 25. Kh2 Rf7 26. Rc1 Rfc7 27. Rb1 Bxe4 28. fxe4 Rc2 29. Qg4 Qe7 30. d5 R8c3 31. d6 Qd7 32. Rb3 Rc4 33. Rf1 Qe8 34. Rbf3 h5 35. Qg5 Rxe4 36. Rd3 Ree2 37.
d7 Rxg2+ 38. Kh1 1-0

[Event "Early-Titled-Tuesday-Blitz-May-14-2024"]
[Site "Chess.com"]
[Date "2024.05.14"]
[Round "1"]
[White "valeriocarnicelli"]
[Black "Blitz_Lover1"]
[Result "0-1"]
[WhiteElo "2550"]
[BlackElo "2229"]
[TimeControl "180+1"]
[EndTime "8:07:24 PDT"]
[Termination "Blitz_Lover1 won by resignation"]

1. Nf3 d5 2. c4 c6 3. g3 Nf6 4.
Bg2 Bf5 5. O-O e6 6. d4 Nbd7 7.
Nc3 dxc4 8. a4 a5 9. Nd2 Nb6 10. e4 Bg6 11. e5 Nfd5 12. Nde4 Be7 13. h4 h6 14. h5 Bf5 15. g4 Nxc3 16. bxc3 Bxe4 17.
Bxe4 Nd5 18. Qd2 b5 19. axb5 cxb5 20. f4 b4 21. f5 Bg5 22. Qf2 O-O 23. cxb4 Bxc1 24.
Raxc1 Qg5 25. Qf3 Rad8 26. bxa5 Ne3 27. Rfe1 Nxg4 28. Qg2 exf5 29. Bf3 Rxd4 30. Rc2 c3 31. Ra2 Rd2 32. Rxd2 cxd2 33. Rd1 Nxe5 34. Bb7 Qh4 35. a6 Qd4+ 36. Kh1 Ng4 37. Qg1 Ne3 38. a7 Qxa7 39.
Rxd2 Qxb7+ 40. Kh2 Ng4+ 0-1

[Event "Early-Titled-Tuesday-Blitz-May-14-2024"]
[Site "Chess.com"]
[Date "2024.05.14"]
[Round "1"]
[White "Larina_Maria"]
[Black "Korchmar_Vasiliy"]
[Result "1-0"]
[WhiteElo "2385"]
[BlackElo "2667"]
[TimeControl "180+1"]
[EndTime "8:07:26 PDT"]
[Termination "Larina_Maria won by checkmate"]

1. e4 c5 2. Nc3 d6 3. d4 cxd4 4. Qxd4 Nc6 5. Qd2 g6 6. b3 Bh6 7. f4 Nf6 8. Bb2 O-O 9. O-O-O a5 10. Bb5 a4 11. Bxa4 Rxa4 12. Nxa4 Nxe4 13. Qe3 Nf6 14. g3 Bf5 15. Nf3 Nb4 16. Nd4 Qc7 17. c4 Nfd5 18.
Qf3 Nxa2+ 19. Kd2 Nf6 20. Nxf5 gxf5 21. Ke2 Ne4 22. Qe3 e5 23. Rhf1 Nb4 24. Qb6 Qe7 25.
fxe5 Qg5 26. exd6 Qh5+ 27. Rf3 Qxh2+ 28. Rf2 Qh5+ 29. Rf3 Qh2+ 30. Rf2 Nxg3+ 31. Kf3 Qh3 32. Rg1 f4 33. Qd4 Qh5+ 34. Kg2 f6 35. Rxf4 Bxf4 36.
Qxf4 Kh8 37. Bxf6+ Kg8 38. Qxg3+ Kf7 39. Qg7+ Ke6 40.
Qe7+ Kf5 41. Rf1+ Kg6 42. Qg7# 1-0

[Event "Early-Titled-Tuesday-Blitz-May-14-2024"]
[Site "Chess.com"]
[Date "2024.05.14"]
[Round "1"]
[White "malakismayil"]
[Black "sergoy"]
[Result "0-1"]
[WhiteElo "2540"]
[BlackElo "3015"]
[TimeControl "180+1"]
[EndTime "8:07:27 PDT"]
[Termination "sergoy won on time"]

1. e4 c5 2. Nf3 d6 3. Bb5+ Nd7 4. d4 cxd4 5. Qxd4 a6 6. Bc4 e6 7. O-O Ngf6 8. Nc3 Be7 9. Bg5 O-O 10. Rad1 Qc7 11. Bb3 b6 12. Bh4 Bb7 13. Bg3 e5 14.
Qe3 Rac8 15. Rd2 b5 16. Rc1 b4 17. Nd5 Bxd5 18. Bxd5 Nxd5 19. Rxd5 Nf6 20. Rd2 Qc4 21. Re2 Qxa2 22. b3 Rc3 23. Qb6 Qb2 24. Rce1 Rxc2 25.
Rxc2 Qxc2 26. Qxb4 Qc6 27. Nxe5 dxe5 28. Qxe7 Qc3 29.
Rf1 Re8 30. Qb7 a5 31. f3 h6 32. Qb5 Qc7 33. Bh4 Rb8 34. Qd3 Nh5 35. Bf2 Nf4 36.
Qe3 Qc2 37. Qa7 Rxb3 38. Qxa5 Rb1 39. Rxb1 Qxb1+ 40. Qe1 Qd3 41. h4 Qc2 42. Qe3 Kh7 43.
Kh2 f6 44. Qc5 Qb2 45. Qe3 h5 46. Qb6 Qa2 47. Qa7 Qe2 48. Qe3 Qf1 0-1

[Event "Early-Titled-Tuesday-Blitz-May-14-2024"]
[Site "Chess.com"]
[Date "2024.05.14"]
[Round "1"]
[White "JJDAREK"]
[Black "TigranMukhutdinov"]
[Result "0-1"]
[WhiteElo "2399"]
[BlackElo "2711"]
[TimeControl "180+1"]
[EndTime "8:07:27 PDT"]
[Termination "TigranMukhutdinov won by resignation"]

1. d4 d6 2. Nf3 Bg4 3. e4 Nf6 4. Nbd2 c6 5. c3 e6 6. h3 Bh5 7. Bd3 Be7 8. O-O O-O 9. Re1 d5 10. e5 Nfd7 11. a3 c5 12. b4 cxd4 13. cxd4 Nc6 14. Bb2 Bg6 15. Bxg6 hxg6 16. Rc1 Nb6 17. Qe2 Rc8 18. Qd3 Qd7 19. Rc2 a6 20. Rec1 Na7 21. Nb3 Nc4 22. Nc5 Bxc5 23. bxc5 Nc6 24. Nd2 N6a5 25.
Bc3 Nxd2 26. Bxa5 Nc4 27. Bb4 Rfe8 28. Qb3 f6 29. exf6 gxf6 30. Bd2 Kf7 31. Bf4 g5 32.
Bd6 Rc6 33. Rxc4 dxc4 34. Rxc4 b5 35. Rc3 Rec8 36. Re3 Rxd6 37. cxd6 Rc1+ 38. Kh2 Qxd6+ 39. g3 Qc6 40. d5 Qxd5 41. Qxd5 exd5 42. g4 Rc4 43. Kg3 d4 44. Rd3 Rc3 45. Rxc3 dxc3 0-1

[Event "Early-Titled-Tuesday-Blitz-May-14-2024"]
[Site "Chess.com"]
[Date "2024.05.14"]
[Round "1"]
[White "AryanTari"]
[Black "Likvidator228"]
[Result "1-0"]
[WhiteElo "3053"]
[BlackElo "2543"]
[TimeControl "180+1"]
[EndTime "8:07:28 PDT"]
[Termination "AryanTari won by checkmate"]

1. e4 c5 2. Nf3 g6 3. Bc4 Bg7 4. O-O Nc6 5. Re1 e6 6. c3 Nge7 7. d4 cxd4 8. Nxd4 d5 9. exd5 exd5 10. Bf1 O-O 11. Be3 Nf5 12. Nxc6 bxc6 13. Bc5 Re8 14.
Rxe8+ Qxe8 15. Nd2 Be6 16. Nf3 h6 17. Qd2 Qd7 18. Re1 Re8 19. h3 Nd6 20. Bd4 Ne4 21.
Qe3 Bxd4 22. Nxd4 Kg7 23. f3 Nd6 24. Qe5+ Kg8 25. Qf6 c5 26. Nb3 Qc7 27. h4 Bf5 28. Re5 Rxe5 29. Qxe5 Be6 30. h5 gxh5 31. Qf4 Kg7 32.
Qg3+ Kf8 33. Qe5 Kg8 34. Qxh5 Kg7 35. Qe5+ Kg8 36. Qf4 Kg7 37. Qe3 Nb7 38. Ba6 c4 39.
Nd4 Nc5 40. Bb5 Qd6 41. b4 cxb3 42. axb3 a6 43. Be2 a5 44. b4 axb4 45. cxb4 Nd7 46. b5 Nb6 47. Nc6 Nc4 48. Qd4+ Kg8 49. Bxc4 Qb4 50. Bf1 Qb1 51. b6 Bd7 52. Ne7+ Kf8 53. Nxd5 Bc6 54. Qh8# 1-0

[Event "Early-Titled-Tuesday-Blitz-May-14-2024"]
[Site "Chess.com"]
[Date "2024.05.14"]
[Round "1"]
[White "KnightDuta"]
[Black "LileKoridze"]
[Result "1-0"]
[WhiteElo "2731"]
[BlackElo "2404"]
[TimeControl "180+1"]
[EndTime "8:07:28 PDT"]
[Termination "KnightDuta won by resignation"]

1. d4 Nf6 2. Bf4 d5 3. e3 c5 4.
Nd2 Nc6 5. Ngf3 Bg4 6. Bb5 e6 7. c3 Bd6 8. Qa4 O-O 9. Bxc6 bxc6 10.
Bxd6 Qxd6 11. Ne5 cxd4 12. cxd4 Bf5 13. O-O c5 14. Qa3 Rfc8 15. Rfc1 Qb8 16. Nb3 c4 17.
Nc5 Qb5 18. b3 Ne4 19. bxc4 dxc4 20. Nxe4 Bxe4 21. Qe7 Bg6 22. a4 Qd5 23. Qb4 Bd3 24. Qc3 h6 25. Nxd3 cxd3 26. Qxc8+ Rxc8 27. Rxc8+ Kh7 28. Rc3 d2 29. Rd3 Qa5 30. h3 Qb4 31. a5 a6 32. Rd1 Qxa5 33. R3xd2 Qb5 34. Ra2 Qh5 35. Rad2 a5 36. e4 a4 37. d5 exd5 38. exd5 Qg5 39. d6 a3 40. d7 Qd8 41. Rc2 a2 42. Rxa2 Kg6 43. Ra6+ f6 44. Ra8 1-0

[Event "Early-Titled-Tuesday-Blitz-May-14-2024"]
[Site "Chess.com"]
[Date "2024.05.14"]
[Round "1"]
[White "Denis_Makhnyov"]
[Black "ChadBiryani"]
[Result "1-0"]
[WhiteElo "2991"]
[BlackElo "2537"]
[TimeControl "180+1"]
[EndTime "8:07:29 PDT"]
[Termination "Denis_Makhnyov won on time"]

1. d4 f5 2. Bg5 Nf6 3. Nc3 d5 4. e3 e6 5. h4 Bb4 6. Ne2 O-O 7. a3 Be7 8. Nf4 c6 9. h5 Qe8 10. Bd3 Ne4 11. Bxe7 Qxe7 12. h6 g6 13. Nce2 Nd7 14.
c4 e5 15. dxe5 Nxe5 16. cxd5 Nxf2 17. Kxf2 Ng4+ 18. Ke1 Qxe3 19. Rf1 Re8 20. Qb3 Qg3+ 21. Kd2 Qe3+ 22. Kc2 Qc5+ 23. Kb1 Ne3 24. dxc6+ Kf8 25. Rc1 Qe7 26. Qc3 Qf7 27. Nd4 b6 28. Nb5 Re7 29. Qh8+ Qg8 30. Qxg8+ Kxg8 31. Re1 Kf7 32. Nd6+ Kf8 33.
b4 a6 34. Kb2 a5 35. b5 Nd5 36. Nxd5 Rxe1 37. Rxe1 1-0

[Event "Early-Titled-Tuesday-Blitz-May-14-2024"]
[Site "Chess.com"]
[Date "2024.05.14"]
[Round "1"]
[White "capatl"]
[Black "crosky"]
[Result "1-0"]
[WhiteElo "2635"]
[BlackElo "2314"]
[TimeControl "180+1"]
[EndTime "8:07:29 PDT"]
[Termination "capatl won by resignation"]

1. b3 e5 2. Bb2 Nc6 3. c4 Nf6 4.
e3 g6 5. Nf3 d6 6. d4 e4 7. Nfd2 Qe7 8. Nc3 Bf5 9. h3 h5 10.
a3 Bh6 11. Nd5 Nxd5 12. cxd5 Nb8 13. Bb5+ Kf8 14. Rc1 a6 15. Be2 Kg7 16. Qc2 Rc8 17.
g4 Qh4 18. gxf5 Bxe3 19. Rf1 Bxf2+ 20. Kd1 gxf5 21. Nc4 Nd7 22. Qd2 Nf6 23. Kc2 Nxd5 24. Kb1 b5 25. Na5 b4 26. axb4 Rab8 27. Nc6 Rb6 28. Bc4 Be3 29. Qg2+ Kh7 30. Bxd5 Bxc1 31. Bxc1 Rg8 32. Qd2 Rg6 33. Qf4 Qxf4 34. Rxf4 a5 35. Ne7 Rg1 36. Rxf5 Rxb4 37. Rxf7+ Kh8 38. Rf8+ Kh7 39.
Bxe4+ Kg7 40. Rg8+ Kf7 41. Rxg1 Kxe7 42. Re1 Kd7 43. Bd5 a4 44. Be6+ Kc6 45. Bd2 Rb8 46.
b4 Rf8 47. d5+ Kb6 48. Rc1 Rf2 49. Be3+ 1-0

[Event "Early-Titled-Tuesday-Blitz-May-14-2024"]
[Site "Chess.com"]
[Date "2024.05.14"]
[Round "1"]
[White "Szachulec75"]
[Black "slorovel"]
[Result "0-1"]
[WhiteElo "2115"]
[BlackElo "2564"]
[TimeControl "180+1"]
[EndTime "8:07:29 PDT"]
[Termination "slorovel won by resignation"]

1. Nf3 g6 2. g3 Bg7 3. Bg2 e5 4. O-O Ne7 5. d3 O-O 6. c4 c6 7.
Nc3 d5 8. Bd2 h6 9. Rb1 a5 10. a3 Be6 11. cxd5 cxd5 12. Nb5 Nbc6 13. h3 Kh7 14. Kh2 f5 15. Qa4 Qd7 16. e3 e4 17.
Ne1 g5 18. Bc3 Rg8 19. Bxg7 Rxg7 20. dxe4 fxe4 21. Nd4 Nxd4 22. Qxd7 Bxd7 23. exd4 Rc8 24. f3 Bf5 25. fxe4 Bxe4 26. Rd1 Kg6 27. Rd2 Nf5 28.
Nd3 Bxg2 29. Ne5+ Kh7 30. Rxf5 Be4 31. Rf6 Rgc7 32. Rff2 Kg7 33. Kg1 b5 34. Kf1 Rc1+ 35. Ke2 b4 36. axb4 axb4 37. Nd7 Rh1 38. Nc5 Re8 39.
Nxe4 Rxe4+ 40. Kd3 Rxh3 41. Rf3 h5 42. Rg2 h4 43. Rf5 Kg6 44. Rxd5 Rg4 45. Rd6+ Kh5 46.
Re2 Rhxg3+ 47. Kc4 Rf4 48. Ree6 h3 49. Rh6+ Kg4 50. Kxb4 Rg2 51. b3 h2 52. Kc5 Rf1 53.
b4 h1=Q 54. Rxh1 Rxh1 55. b5 Rb1 56. b6 Rc2+ 57. Kd5 Rcb2 0-1

[Event "Early-Titled-Tuesday-Blitz-May-14-2024"]
[Site "Chess.com"]
[Date "2024.05.14"]
[Round "1"]
[White "ProtectiveCarrot"]
[Black "Mikhail_Bryakin"]
[Result "0-1"]
[WhiteElo "2512"]
[BlackElo "2890"]
[TimeControl "180+1"]
[EndTime "8:07:30 PDT"]
[Termination "Mikhail_Bryakin won by resignation"]

1. e4 d5 2. exd5 Nf6 3. d4 Bg4 4. Be2 Bxe2 5. Nxe2 Qxd5 6. O-O Nc6 7. Nbc3 Qh5 8. h3 O-O-O 9. Be3 e6 10. Ng3 Qxd1 11.
Raxd1 Nb4 12. Rd2 Nbd5 13. Nxd5 Nxd5 14. c3 b5 15. Ne4 Be7 16. Rdd1 h6 17. Bc1 Rhe8 18.
Rfe1 a5 19. Rd3 Bd6 20. h4 g6 21. Bxh6 f5 22. Ng5 Kd7 23. Nf7 Ra8 24. g3 Re7 25. Ne5+ Bxe5 26. Rxe5 a4 27. Bg5 Rf7 28. f3 Ra6 29.
Kg2 Rc6 30. a3 Rb6 31. Rd2 Rb8 32. Rde2 Rb6 33. g4 Rh7 34. Kg3 Rg7 35. Rh2 Rb8 36. gxf5 gxf5 37. Kf2 Kd6 38. Bc1 c5 39. h5 cxd4 40.
cxd4 Rc8 41. h6 Rh7 42. Re1 Rc2+ 43. Kg1 Rxh2 44. Kxh2 f4 45. Re4 Rxh6+ 46. Kg2 Rf6 47. Kh3 Rf8 48. Kh4 Rh8+ 49. Kg5 Rg8+ 50. Kh6 Rg2 51.
Bxf4+ Nxf4 52. Rxf4 Rxb2 53. Rf8 Rb3 54. f4 Rxa3 55. Kg6 Rf3 56. Rb8 Rxf4 57. Rb6+ Kd5 58.
Rxb5+ Kc4 59. Ra5 Kb4 60. Re5 Rxd4 61. Rxe6 a3 62. Rb6+ Kc3 63. Ra6 Kb3 64. Kf5 a2 65.
Rb6+ Rb4 66. Ra6 Ra4 0-1

[Event "Early-Titled-Tuesday-Blitz-May-14-2024"]
[Site "Chess.com"]
[Date "2024.05.14"]
[Round "1"]
[White "PlotnikovPavel"]
[Black "Mysterio47"]
[Result "0-1"]
[WhiteElo "2447"]
[BlackElo "2787"]
[TimeControl "180+1"]
[EndTime "8:07:30 PDT"]
[Termination "Mysterio47 won on time"]

1. e4 c5 2. c3 Nf6 3. e5 Ng8 4. d4 cxd4 5. cxd4 d6 6. Nf3 Nc6 7. exd6 Qxd6 8. Nc3 e6 9. Bc4 Nf6 10. O-O Be7 11. Nb5 Qb8 12. g3 Nh5 13. Ne5 g6 14. Bh6 a6 15. Nc3 Nxe5 16. dxe5 Qxe5 17. Re1 Qc5 18. Bb3 Nf6 19. Rc1 Qh5 20. Bg7 Rg8 21. Bxf6 Qxd1 22. Rcxd1 Bxf6 23. Ne4 Ke7 24. g4 Bxb2 25.
Re2 Ba3 26. Rc2 Rd8 27. Rc7+ Rd7 28. Rdxd7+ Bxd7 29. Rxb7 f5 30. Ba4 Rd8 31. Ng5 h6 32. Nf3 Bd6 33. Nd4 Ke8 34. Rxd7 Rxd7 35. Nxe6 fxg4 36.
Nd4 Ke7 37. Nc6+ Kf6 38. Nb4 Rd8 39. Nd5+ Ke5 0-1

[Event "Early-Titled-Tuesday-Blitz-May-14-2024"]
[Site "Chess.com"]
[Date "2024.05.14"]
[Round "1"]
[White "AlexanderKing"]
[Black "bennyficial"]
[Result "0-1"]
[WhiteElo "2551"]
[BlackElo "2144"]
[TimeControl "180+1"]
[EndTime "8:07:31 PDT"]
[Termination "bennyficial won by resignation"]

1. Nf3 d5 2. c4 e6 3. g3 Nf6 4.
Bg2 dxc4 5. Qa4+ Bd7 6. Qxc4 c5 7. O-O Nc6 8. d4 cxd4 9. Nxd4 Rc8 10. Nxc6 Bxc6 11.
Bxc6+ Rxc6 12. Qa4 a6 13. Nc3 Be7 14. Be3 O-O 15. Rfd1 Qc8 16. Qb3 b5 17. a3 Bc5 18.
Bg5 Bxf2+ 19. Kxf2 Rxc3 20. bxc3 Ne4+ 21. Kg1 Qc5+ 22. Kh1 Qxg5 23. Rd4 Qe3 24. Qc2 f5 25. Rd3 Nf2+ 26. Kg2 Nxd3 27. exd3 Rd8 28. Rd1 g5 29. Qd2 Qxd2+ 30. Rxd2 e5 31. Re2 Rd5 32. Kf2 Kf7 33.
Ke1 Kf6 34. Kd2 h5 35. Kc2 h4 36. Rf2 hxg3 37. hxg3 g4 38. Rh2 Kg5 39. Rh8 f4 40.
Rg8+ Kf5 41. Rf8+ Kg5 42. Rg8+ Kf5 43. Rf8+ Ke6 44. Rg8 f3 45. Kd2 Rd7 46. Ke3 Rc7 47.
Rg7 Rxg7 0-1

[Event "Early-Titled-Tuesday-Blitz-May-14-2024"]
[Site "Chess.com"]
[Date "2024.05.14"]
[Round "1"]
[White "monomita"]
[Black "mistrzemi"]
[Result "1/2-1/2"]
[WhiteElo "2752"]
[BlackElo "2437"]
[TimeControl "180+1"]
[EndTime "8:07:32 PDT"]
[Termination "Game drawn by repetition"]

1. e4 e5 2. Nf3 Nc6 3. Bb5 a6 4. Ba4 Nf6 5. O-O b5 6. Bb3 Bc5 7. c3 d6 8. d4 Bb6 9. a4 Rb8 10.
a5 Ba7 11. Bg5 Bg4 12. dxe5 Nxe5 13. Nbd2 h6 14. Bh4 O-O 15. h3 Bh5 16. Bc2 Ng6 17. Bxf6 Qxf6 18. g4 Nf4 19. gxh5 Nxh3+ 20. Kg2 Nf4+ 21.
Kh2 Nxh5 22. Rg1 Bxf2 23. Rg4 b4 24. e5 Qe6 25. Rg2 Bc5 26. Ne4 Nf4 27. Rg3 bxc3 28.
bxc3 Rb2 29. Rb1 Rfb8 30. Rxb2 Rxb2 31. Qc1 Nd3 32. Nf6+ Qxf6 33. exf6 Nxc1 34. Rxg7+ Kf8 35. Ne1 Bf2 36. Bh7 Bxe1+ 37. Kh1 Ke8 38. Bf5 Kf8 39. Rh7 Kg8 40. Rg7+ Kf8 41. Bh7 Ke8 42. Bf5 Kf8 1/2-1/2

[Event "Early-Titled-Tuesday-Blitz-May-14-2024"]
[Site "Chess.com"]
[Date "2024.05.14"]
[Round "1"]
[White "lcmil"]
[Black "chess_sharparchitect"]
[Result "0-1"]
[WhiteElo "2604"]
[BlackElo "2310"]
[TimeControl "180+1"]
[EndTime "8:07:32 PDT"]
[Termination "chess_sharparchitect won by resignation"]

1. e4 c5 2. Nf3 d6 3. d4 cxd4 4. Nxd4 Nf6 5. Nc3 a6 6. Rg1 e5 7. Nb3 h5 8. Bg5 Be7 9. Qd2 Be6 10. O-O-O Nbd7 11. f4 exf4 12. Bxf4 Ne5 13. Nd4 Bg4 14. Be2 g6 15. Rgf1 Rc8 16. h3 Bxe2 17. Qxe2 Qa5 18. Nb3 Qc7 19. Bg5 Ned7 20. Rf2 O-O 21.
Rdf1 Qd8 22. g4 hxg4 23. hxg4 Nxe4 24. Bxe7 Nxc3 25. bxc3 Qc7 26. Bxf8 Rxf8 27. Qd3 Ne5 28. Qd4 Qd7 29. Rf6 Qb5 30. Rxd6 Qxf1+ 31. Kb2 Nc4+ 32. Qxc4 Qxc4 33. Rd3 Qxg4 34. Rd4 Qe2 35. Nd2 Rc8 36. Ne4 Qb5+ 37. Kc1 Rc6 38. Rd8+ Kg7 39. Rd3 Qf5 40. Nd2 Qf4 41. Kd1 Rd6 42. Nc4 Rxd3+ 43. cxd3 Qf3+ 44. Kc2 b5 45. Nd2 Qf2 46. Kd1 g5 47. Ne4 Qg1+ 48. Ke2 f5 49. Nf2 Qh2 0-1

[Event "Early-Titled-Tuesday-Blitz-May-14-2024"]
[Site "Chess.com"]
[Date "2024.05.14"]
[Round "1"]
[White "SAInt_666"]
[Black "ccccvhhhj"]
[Result "1-0"]
[WhiteElo "2786"]
[BlackElo "2450"]
[TimeControl "180+1"]
[EndTime "8:07:33 PDT"]
[Termination "SAInt_666 won on time"]

1. e4 e6 2. d4 d5 3. e5 c5 4. c3 Nc6 5. Nf3 Bd7 6. Be2 Qc7 7. O-O f6 8. Re1 O-O-O 9. Bf4 h6 10. Bg3 f5 11. Nh4 g5 12. Ng6 f4 13. Nxh8 Be8 14. Bh5 fxg3 15. fxg3 Qg7 16. Bxe8 Rxe8 17. Qh5 Kd7 18. Ng6 cxd4 19. Nxf8+ Rxf8 20. cxd4 Nxd4 21. Na3 Ne7 22. Rad1 Nec6 23. Qg4 Nf5 24. Nb5 a6 25. Nc3 Kc8 26. Qa4 Qe7 27. Rc1 Qc5+ 28. Kh1 Qf2 29. Rf1 Qd2 30. Nb1 Qd3 31. Rf3 Qe4 32. Qxe4 dxe4 33.
Rff1 e3 34. g4 e2 35. Rf2 Kb8 36. gxf5 exf5 37. Rxe2 f4 38. e6 Re8 39. Nc3 Kc7 40. Rd1 Nb4 41. Rd7+ Kc6 42. a3 1-0

[Event "Early-Titled-Tuesday-Blitz-May-14-2024"]
[Site "Chess.com"]
[Date "2024.05.14"]
[Round "1"]
[White "ShazilTheGOAT2006"]
[Black "LeoWin2012"]
[Result "1-0"]
[WhiteElo "2641"]
[BlackElo "2318"]
[TimeControl "180+1"]
[EndTime "8:07:33 PDT"]
[Termination "ShazilTheGOAT2006 won by checkmate"]

1. e3 e5 2. c4 Nf6 3. Nc3 Bb4 4. Qc2 c6 5. Nge2 d5 6. cxd5 cxd5 7. a3 Ba5 8. b4 Bb6 9. Bb2 O-O 10. d4 e4 11. Nf4 Nc6 12. Qb3 Ne7 13. Rc1 Bf5 14. h3 Rc8 15. g4 Bg6 16. g5 Nh5 17. Nfxd5 Nxd5 18. Nxd5 Qxg5 19. Rxc8 Rxc8 20. h4 Qd8 21. Bh3 Rc6 22. Bg4 Rd6 23. Bxh5 Rxd5 24. Be2 Bf5 25. Bc4 Rd7 26. d5 f6 27. h5 h6 28. Rg1 Rd6 29. a4 a5 30. Ba3 axb4 31. Bxb4 Ba5 32. Ke2 Bxb4 33. Qxb4 b6 34. Bb3 Qd7 35. Qb5 Bg4+ 36. Ke1 Qxb5 37. axb5 Bxh5 38. Kd2 Bf7 39. Kc3 Bxd5 40.
Rd1 Bxb3 41. Rxd6 Bf7 42. Rxb6 h5 43. Rb8+ Kh7 44. b6 Bd5 45. Kd4 Bc6 46. Rc8 Bb7 47. Rc7 Ba6 48. b7 Bxb7 49. Rxb7 f5 50. Ke5 Kh6 51.
Kxf5 g6+ 52. Kxe4 h4 53. Kf3 Kh5 54. Kg2 Kg4 55. f3+ Kh5 56. Rb5+ g5 57. Kh3 Kh6 58. f4 g4+ 59. Kxg4 Kg6 60. Kh3 Kf6 61. Kxh4 Ke6 62. e4 Kf7 63. e5 Kg8 64. f5 Kf8 65. f6 Kf7 66. Kg5 Ke6 67. Kf4 Kf7 68. Kf5 Kf8 69.
e6 Kg8 70. Rb7 Kh8 71. Kg6 Kg8 72. Ra7 Kf8 73. e7+ Ke8 74. f7# 1-0

[Event "Early-Titled-Tuesday-Blitz-May-14-2024"]
[Site "Chess.com"]
[Date "2024.05.14"]
[Round "1"]
[White "Gryffindorac8"]
[Black "francyIM"]
[Result "0-1"]
[WhiteElo "2507"]
[BlackElo "2872"]
[TimeControl "180+1"]
[EndTime "8:07:34 PDT"]
[Termination "francyIM won by resignation"]

1. d4 Nf6 2. c4 d6 3. Nf3 g6 4.
Nc3 Bf5 5. Nh4 Bc8 6. e4 Bg7 7. Nf3 O-O 8. h3 e5 9. d5 Na6 10. Be3 Nc5 11. Nd2 Nh5 12. g3 a5 13. Be2 Nf6 14.
g4 Nfd7 15. h4 f5 16. gxf5 gxf5 17. exf5 Nf6 18. Qc2 Kh8 19. h5 Ng8 20. h6 Bf6 21. O-O-O Bg5 22. Bg4 Bxe3 23. fxe3 Qg5 24. Rdg1 Qxe3 25.
Kb1 Nxh6 26. Nd1 Qf4 27. Bh3 Bxf5 28. Bxf5 Nxf5 29. Rf1 Qg5 30. Rhg1 Qh5 31. Rh1 Qg6 32. Rhg1 Nd4 33. Rxf8+ Rxf8 34. Qxg6 hxg6 35. Rxg6 Nf3 36. Nxf3 Rxf3 37. Kc2 Rf4 38. b3 Rh4 39. Rg2 a4 40.
Ne3 Rh3 41. Re2 axb3+ 42. axb3 Ne4 43. Nf5 Nc5 44. Ne3 Kh7 45. Kb2 Kg6 46. Kc2 Kg5 47.
b4 Na6 48. Kb3 Kf4 49. b5 Nc5+ 50. Kc3 Rxe3+ 0-1

[Event "Early-Titled-Tuesday-Blitz-May-14-2024"]
[Site "Chess.com"]
[Date "2024.05.14"]
[Round "1"]
[White "DACF2905"]
[Black "kids2010"]
[Result "0-1"]
[WhiteElo "2444"]
[BlackElo "2773"]
[TimeControl "180+1"]
[EndTime "8:07:34 PDT"]
[Termination "kids2010 won on time"]

1. e4 c5 2. Nf3 e6 3. d4 cxd4 4. Nxd4 Nc6 5. Nc3 Qc7 6. Be3 a6 7. Bd3 Nf6 8. O-O d6 9. h3 Be7 10. Qd2 O-O 11. f4 Nxd4 12. Bxd4 b5 13. a3 Bb7 14.
Rae1 Rad8 15. Qf2 Ne8 16. Kh1 Bc6 17. Bb6 Qb7 18. Bxd8 Bxd8 19. e5 Bb6 20. Qg3 g6 21. Be4 d5 22. Bd3 Ng7 23. Qg5 Bd8 24. Qg4 h5 25. Qg3 h4 26. Qg4 Nh5 27. Ne2 d4 28. Nxd4 Ng3+ 29. Kh2 Bxg2 30. Rg1 Bd5 31. Rxg3 hxg3+ 32. Qxg3 Bb6 33. Ne2 Kg7 34. Nc3 Rh8 35. Qg5 Bd8 36. Qg4 Bf3 37. Qg1 Bb6 38. Qg5 Bd8 39. Qg1 Rh5 40. Be4 Bxe4 41. Nxe4 Bb6 42. Qg4 Qc7 43.
c3 Qc4 44. Qe2 Qb3 45. Rd1 Rf5 46. Qg4 Qxb2+ 47. Rd2 Qb1 48. Ng5 Be3 49. Rd7 Bxf4+ 0-1

[Event "Early-Titled-Tuesday-Blitz-May-14-2024"]
[Site "Chess.com"]
[Date "2024.05.14"]
[Round "1"]
[White "Ginger_GM"]
[Black "mostafa_sakha"]
[Result "1-0"]
[WhiteElo "2665"]
[BlackElo "2350"]
[TimeControl "180+1"]
[EndTime "8:07:34 PDT"]
[Termination "Ginger_GM won on time"]

1. c4 e6 2. Nc3 d5 3. d4 Nf6 4.
Nf3 Be7 5. Bf4 O-O 6. e3 c5 7. dxc5 Bxc5 8. Qc2 Nc6 9. a3 Re8 10. O-O-O e5 11. Bg5 d4 12. Ne4 Be7 13. Bxf6 Bxf6 14. exd4 exd4 15. Bd3 g6 16. Kb1 Bg4 17. Rhe1 Bxf3 18.
gxf3 Bg7 19. c5 Qh4 20. Qb3 Re7 21. Nd6 Rf8 22. Rxe7 Nxe7 23. Qxb7 Bf6 24. Ne4 Kg7 25. c6 Qxh2 26. Nxf6 Kxf6 27. Re1 Nd5 28. c7 Nxc7 29. Qxa7 Kg7 30. Qxd4+ Kg8 31. Bc4 Qh5 32. f4 Qf5+ 33.
Ka1 Ne6 34. Qe5 Qxf4 35. Bxe6 Qxe5 36. Rxe5 fxe6 37. Rxe6 Rxf2 38. a4 Kg7 39. a5 Rf5 40. b4 Rf4 41. Rb6 h5 42. a6 h4 43. a7 Rf8 44. Rb8 1-0

[Event "Early-Titled-Tuesday-Blitz-May-14-2024"]
[Site "Chess.com"]
[Date "2024.05.14"]
[Round "1"]
[White "Payyappat"]
[Black "chessfatbear"]
[Result "1-0"]
[WhiteElo "2532"]
[BlackElo "2888"]
[TimeControl "180+1"]
[EndTime "8:07:35 PDT"]
[Termination "Payyappat won by resignation"]

1. e4 e5 2. Nf3 Nc6 3. Bc4 Nf6 4.
d4 exd4 5. e5 d5 6. Bb5 Ne4 7.
Nxd4 Bd7 8. Bxc6 bxc6 9. O-O Bc5 10. c3 O-O 11. f3 Ng5 12. f4 Ne4 13. Be3 Re8 14. Nd2 f6 15. Nxe4 dxe4 16. Kh1 fxe5 17. fxe5 Rxe5 18. Qb3+ Kh8 19. Rad1 Rd5 20. Nxc6 Bxc6 21.
Bxc5 Qg5 22. Rxd5 Bxd5 23. c4 Bc6 24. Be3 Qe7 25. Qc3 a6 26. Bd4 h6 27. Qe3 Kh7 28.
Rf4 Rf8 29. h3 Rxf4 30. Qxf4 e3 31. Bxe3 Qe4 32. Qxe4+ Bxe4 33. Kg1 c6 34. Bf4 Bd3 35. c5 Bb1 36. a3 Kg6 37. Kf2 Kf5 38. Ke3 g5 39.
g4+ Kg6 40. Bg3 h5 41. gxh5+ Kxh5 42. Kd4 Bf5 43. Ke5 Bxh3 44. Kd6 Bg2 45. Kc7 Kg4 46.
Bd6 Kf5 47. Kb6 Ke6 48. Kxa6 Kd5 49. Kb6 g4 50. a4 Bf1 51. a5 Bb5 52. a6 Bxa6 53.
Kxa6 g3 54. Kb6 1-0

[Event "Early-Titled-Tuesday-Blitz-May-14-2024"]
[Site "Chess.com"]
[Date "2024.05.14"]
[Round "1"]
[White "Orest_Vovk"]
[Black "Acva-Alenok"]
[Result "1-0"]
[WhiteElo "2669"]
[BlackElo "2355"]
[TimeControl "180+1"]
[EndTime "8:07:35 PDT"]
[Termination "Orest_Vovk won on time"]

1. h4 Nf6 2. h5 h6 3. Nc3 d5 4. e4 dxe4 5. Qe2 Nc6 6. Nxe4 Nd4 7. Nxf6+ gxf6 8. Qd1 Qd5 9. d3 Bg4 10. Qd2 Rg8 11.
c3 Qe5+ 12. Ne2 Nxe2 13. Bxe2 Bxe2 14. Qxe2 Qxe2+ 15. Kxe2 Rxg2 16. Be3 O-O-O 17. Rh4 e5 18. a4 a6 19. b4 f5 20. Rc4 f4 21. Bb6 Bd6 22.
b5 Kd7 23. Ba5 b6 24. Bb4 Bxb4 25. Rxb4 a5 26. Re4 Ke6 27. d4 f6 28. Re1 Rg5 29. dxe5 Rxe5 30. Kf3 Rd3+ 31. Kxf4 Rxc3 32. Rxe5+ fxe5+ 33.
Rxe5+ Kf6 34. Rf5+ Ke6 35. Re5+ Kf6 36. f3 Rc4+ 37. Re4 Rc5 38. Kg4 Rg5+ 39. Kh4 Rf5 40. f4 Rc5 41. Kg4 Rc1 42. Re8 Rg1+ 43. Kf3 Rf1+ 44. Kg3 Rg1+ 45. Kf2 Rh1 46. Rc8 Rxh5 47. Rxc7 Kf5 48. Kg3 Rh1 49. Rf7+ Ke4 50. Re7+ Kf5 51. Rb7 Rg1+ 52. Kh2 Ra1 53. Rxb6 h5 54. Rb8 Rxa4 55. b6 Kxf4 56. b7 Ra2+ 57. Kh3 Ra3+ 58. Kh4 Ra1 59.
Rf8+ Ke4 60. b8=Q 1-0